NCAA
TEXAS TECH RED RAIDERS @ UCLA BRUINS
05/23/2024
 
TOP OF THE 1ST
Texas Tech Red Raiders batting - Pitching for UCLA Bruins : RHP George Floyd
Pitching: RHP George Floyd
Batting: RHB Donovan James 0-0: Called Strike
0-1: Ball
1-1: SOLO HOME RUN (Flyball, 8LXD), Distance : 404 ft
Batting: RHB Bruce Jones 0-0: Fly out, F8 (Flyball, 89M)
Batting: LHB Micheal Morgan 0-0: Foul Ball, location: 2F
0-1: Foul Ball, location: 2F
0-2: Ball
1-2: Strikes out looking
Batting: RHB Oliver Todd 0-0: Ball
1-0: Foul Ball, location: 2F
1-1: Ball
2-1: Foul Ball, location: 2F
2-2: Ball
3-2: Foul Ball, location: 2F
3-2: Base on Balls
Batting: LHB Albert Cardona 0-0: Called Strike
0-1: Ball
1-1: Foul Ball, location: 2F
1-2: Ball
2-2: Ball
3-2: Foul Ball, location: 2F
3-2: Strikes out swinging passed ball, reaches first!
Oliver Todd to second
Batting: RHB Steven Hill 0-0: SINGLE (Groundball, 56)
Oliver Todd to third
Albert Cardona to second
Runner from 3rd tries for Home, SAFE, no throw or cutoff
Batting: RHB Casey Fox 0-0: Ball
Wild Pitch!
Albert Cardona to third
Steven Hill to second
1-0: Fly out, F3 (Popup, 13)
Top of the 1st over - 2 run(s), 2 hit(s), 0 error(s), 2 left on base; Texas Tech 2 - UCLA 0
BOTTOM OF THE 1ST
UCLA Bruins batting - Pitching for Texas Tech Red Raiders : LHP Bryan Richardson
Pitching: LHP Bryan Richardson
Batting: LHB Pedro Ramos 0-0: Ball
1-0: Ball
2-0: Foul Ball, location: 2F
2-1: Ball
3-1: Foul Ball, location: 2F
3-2: SINGLE (Flyball, 7LM)
Batting: RHB Roberto Rodríguez 0-0: Grounds into double play, 6-4-3 (Groundball, 6)
Batting: RHB Dean Bailey 0-0: Swinging Strike
0-1: Foul Ball, location: 2F
0-2: Strikes out looking
Bottom of the 1st over - 0 run(s), 1 hit(s), 0 error(s), 0 left on base; Texas Tech 2 - UCLA 0
TOP OF THE 2ND
Texas Tech Red Raiders batting - Pitching for UCLA Bruins : RHP George Floyd
Batting: RHB Terry Whitney 0-0: Ball
1-0: Foul Ball, location: 2F
1-1: Ball
2-1: Foul Ball, location: 2F
2-2: Strikes out swinging
Batting: RHB Jorge Calderón 0-0: Ball
Reached via error on a dropped throw, E3
Batting: RHB Donovan James 0-0: Ball
1-0: Called Strike
1-1: Ball
2-1: Foul Ball, location: 2F
2-2: Strikes out swinging
Batting: RHB Bruce Jones 0-0: Ball
1-0: Foul Ball, location: 2F
1-1: Ball
2-1: Ground out 6-3 (Groundball, 6)
Top of the 2nd over - 0 run(s), 0 hit(s), 1 error(s), 1 left on base; Texas Tech 2 - UCLA 0
BOTTOM OF THE 2ND
UCLA Bruins batting - Pitching for Texas Tech Red Raiders : LHP Bryan Richardson
Batting: LHB Brian Bauer 0-0: Swinging Strike
0-1: Foul Ball, location: 2F
0-2: Foul Ball, location: 2F
0-2: Strikes out swinging
Batting: RHB Bill Powell 0-0: Ball
1-0: Foul Ball, location: 2F
1-1: Ground out 6-3 (Groundball, 6)
Batting: RHB Doug Lutz 0-0: Called Strike
0-1: Ball
1-1: Called Strike
1-2: Foul Ball, location: 2F
1-2: Fly out, F8 (Line Drive, 8LM)
Bottom of the 2nd over - 0 run(s), 0 hit(s), 0 error(s), 0 left on base; Texas Tech 2 - UCLA 0
TOP OF THE 3RD
Texas Tech Red Raiders batting - Pitching for UCLA Bruins : RHP George Floyd
Batting: LHB Micheal Morgan 0-0: Called Strike
0-1: Ball
1-1: Foul Ball, location: 2F
1-2: Foul Ball, location: 2F
1-2: Ball
2-2: Strikes out swinging
Batting: RHB Oliver Todd 0-0: Ball
1-0: Ball
2-0: Ball
3-0: Swinging Strike
3-1: Base on Balls
Batting: LHB Albert Cardona 0-0: Ball
1-0: Ball
2-0: Ball
3-0: Called Strike
3-1: Grounds out, U3 (Groundball, 3L)
Batting: RHB Steven Hill 0-0: Ball
1-0: Ball
2-0: Ball
3-0: Called Strike
3-1: Fly out, F5 (Popup, 5L)
Top of the 3rd over - 0 run(s), 0 hit(s), 0 error(s), 1 left on base; Texas Tech 2 - UCLA 0
BOTTOM OF THE 3RD
UCLA Bruins batting - Pitching for Texas Tech Red Raiders : LHP Bryan Richardson
Batting: LHB Scott Young 0-0: Called Strike
0-1: Ball
1-1: SINGLE (Line Drive, 89S)
Batting: LHB Harvey Moore 0-0: Ball
Wild Pitch!
Scott Young to second
1-0: SINGLE (Flyball, 7S)
Scott Young to third
Batting: LHB Ernie Russell 0-0: Ball
1-0: Called Strike
1-1: Ball
2-1: Fly out, F8 (Flyball, 8RM)
Runner from 3rd tags up, SCORES, throw made
Batting: LHB Pedro Ramos 0-0: Foul Ball, location: 2F
0-1: Fielders Choice at 2nd, 4-6 (Groundball, 4)
Batting: RHB Roberto Rodríguez 0-0: Ball
1-0: Fly out, F8 (Flyball, 8RXD)
Bottom of the 3rd over - 1 run(s), 2 hit(s), 0 error(s), 1 left on base; Texas Tech 2 - UCLA 1
TOP OF THE 4TH
Texas Tech Red Raiders batting - Pitching for UCLA Bruins : RHP George Floyd
Batting: RHB Casey Fox 0-0: Ground out 6-3 (Groundball, 6)
Batting: RHB Terry Whitney 0-0: Ball
1-0: Ball
2-0: Ball
3-0: Base on Balls
Batting: RHB Jorge Calderón 0-0: Ball
1-0: Ball
2-0: Ball
3-0: Base on Balls
Terry Whitney to second
Batting: RHB Donovan James 0-0: Swinging Strike
0-1: Called Strike
0-2: Ball
1-2: Strikes out swinging
Batting: RHB Bruce Jones 0-0: Called Strike
0-1: Foul Ball, location: 2F
0-2: Ball
1-2: Foul Ball, location: 2F
1-2: Strikes out looking
Top of the 4th over - 0 run(s), 0 hit(s), 0 error(s), 2 left on base; Texas Tech 2 - UCLA 1
BOTTOM OF THE 4TH
UCLA Bruins batting - Pitching for Texas Tech Red Raiders : LHP Bryan Richardson
Batting: RHB Dean Bailey 0-0: Ball
1-0: Ball
2-0: Ball
3-0: Fly out, F7 (Flyball, 7M)
Batting: LHB Brian Bauer 0-0: Ball
1-0: Ground out U3 (Groundball, 3)
Batting: RHB Bill Powell 0-0: Ball
1-0: Ball
2-0: Ball
3-0: Base on Balls
Batting: RHB Doug Lutz 0-0: Called Strike
0-1: Foul Ball, location: 2F
0-2: Foul Ball, location: 2F
0-2: SINGLE (Line Drive, 34)
Bill Powell to second
Runner from 2nd tries for 3rd, SAFE, throw made to third
Batting: LHB Scott Young 0-0: Ball
1-0: Ball
2-0: Foul Ball, location: 2F
2-1: Ball
3-1: Base on Balls
Doug Lutz to second
Batting: LHB Harvey Moore 0-0: Ball
1-0: Foul Ball, location: 2F
1-1: Swinging Strike
1-2: Ball
2-2: Ball
3-2: SINGLE (Groundball, 4MD)
Bill Powell scores
Doug Lutz to third
Scott Young to second
Doug Lutz scores
Scott Young to third
Batting: LHB Ernie Russell 0-0: Foul Ball, location: 2F
0-1: Ball
1-1: Swinging Strike
1-2: Ground out 1-3 (Groundball, 13S)
Bottom of the 4th over - 2 run(s), 2 hit(s), 0 error(s), 2 left on base; Texas Tech 2 - UCLA 3
TOP OF THE 5TH
Texas Tech Red Raiders batting - Pitching for UCLA Bruins : RHP George Floyd
Pitching: RHP Bob Walters
Batting: LHB Micheal Morgan 0-0: Fly out, F8 (Line Drive, 8LS)
Batting: RHB Oliver Todd 0-0: Foul Ball, location: 2F
0-1: Ball
1-1: Ground out 5-3 (Groundball, 5)
Batting: LHB Albert Cardona 0-0: Ball
1-0: Called Strike
1-1: Ball
2-1: Swinging Strike
2-2: Ball
3-2: Base on Balls
Batting: RHB Steven Hill 0-0: Ball
1-0: Foul Ball, location: 2F
1-1: Swinging Strike
1-2: Foul Ball, location: 2F
1-2: Ball
2-2: Fly out, F5 (Line Drive, 56)
Top of the 5th over - 0 run(s), 0 hit(s), 0 error(s), 1 left on base; Texas Tech 2 - UCLA 3
BOTTOM OF THE 5TH
UCLA Bruins batting - Pitching for Texas Tech Red Raiders : LHP Bryan Richardson
Batting: LHB Pedro Ramos 0-0: Bunt for hit - play at first, batter OUT! 3-4
Batting: RHB Roberto Rodríguez 0-0: Called Strike
0-1: Ground out 5-3 (Groundball, 5S)
Batting: RHB Dean Bailey 0-0: Ground out 5-3 (Groundball, 5S)
Bottom of the 5th over - 0 run(s), 0 hit(s), 0 error(s), 0 left on base; Texas Tech 2 - UCLA 3
TOP OF THE 6TH
Texas Tech Red Raiders batting - Pitching for UCLA Bruins : RHP Bob Walters
Batting: RHB Casey Fox 0-0: Ball
1-0: Fly out, F7 (Line Drive, 78M)
Batting: RHB Terry Whitney 0-0: Ball
1-0: Foul Ball, location: 2F
1-1: SINGLE (Groundball, 4M)
Batting: RHB Jorge Calderón 0-0: Called Strike
0-1: Swinging Strike
0-2: Ball
1-2: Strikes out looking
Batting: RHB Donovan James 0-0: Called Strike
0-1: Fielders Choice at 2nd, U6 (Groundball, 6M)
Top of the 6th over - 0 run(s), 1 hit(s), 0 error(s), 1 left on base; Texas Tech 2 - UCLA 3
BOTTOM OF THE 6TH
UCLA Bruins batting - Pitching for Texas Tech Red Raiders : LHP Bryan Richardson
Batting: LHB Brian Bauer 0-0: Ball
1-0: Fly out, F9 (Line Drive, 89D)
Batting: RHB Bill Powell 0-0: Called Strike
0-1: Swinging Strike
0-2: Fly out, F4 (Popup, 4)
Batting: RHB Doug Lutz 0-0: Ball
1-0: Ball
2-0: Ground out 4-3 (Groundball, 4)
Bottom of the 6th over - 0 run(s), 0 hit(s), 0 error(s), 0 left on base; Texas Tech 2 - UCLA 3
TOP OF THE 7TH
Texas Tech Red Raiders batting - Pitching for UCLA Bruins : RHP Bob Walters
Pitching: RHP Jimmy Márquez
Batting: RHB Bruce Jones 0-0: Called Strike
0-1: SINGLE (Groundball, 4M)
Batting: LHB Micheal Morgan 0-0: Ball
1-0: Called Strike
1-1: Foul Ball, location: 2F
1-2: Strikes out swinging
Batting: RHB Oliver Todd 0-0: Called Strike
0-1: Swinging Strike
0-2: Foul Ball, location: 2F
0-2: Ball
1-2: Foul Ball, location: 2F
1-2: Strikes out swinging
Batting: LHB Albert Cardona 0-0: Called Strike
0-1: Ball
1-1: Foul Ball, location: 2F
1-2: Ball
2-2: Ball
3-2: Foul Ball, location: 2F
3-2: Strikes out swinging
Top of the 7th over - 0 run(s), 1 hit(s), 0 error(s), 1 left on base; Texas Tech 2 - UCLA 3
BOTTOM OF THE 7TH
UCLA Bruins batting - Pitching for Texas Tech Red Raiders : LHP Bryan Richardson
Batting: LHB Scott Young 0-0: Ball
1-0: Ball
2-0: Ball
3-0: Called Strike
3-1: Ground out 4-3 (Groundball, 4M)
Pitching: RHP Joe Allen
Batting: LHB Harvey Moore 0-0: Ball
1-0: Called Strike
1-1: Ball
2-1: Ball
3-1: Base on Balls
Batting: LHB Ernie Russell 0-0: Ball
1-0: Ball
2-0: Called Strike
2-1: Foul Ball, location: 2F
2-2: Strikes out swinging
Batting: LHB Pedro Ramos 0-0: Ground out 1-3 (Groundball, 23)
Bottom of the 7th over - 0 run(s), 0 hit(s), 0 error(s), 1 left on base; Texas Tech 2 - UCLA 3
TOP OF THE 8TH
Texas Tech Red Raiders batting - Pitching for UCLA Bruins : RHP Jimmy Márquez
Pitching: RHP Eugene Morgan
Batting: RHB Steven Hill 0-0: Ball
1-0: Swinging Strike
1-1: Ground out 5-3 (Groundball, 5)
Batting: RHB Casey Fox 0-0: Called Strike
0-1: Ball
1-1: Ball
2-1: Foul Ball, location: 2F
2-2: Ball
3-2: Fly out, F3 (Popup, 3L)
Batting: RHB Terry Whitney 0-0: Ball
1-0: Called Strike
1-1: Called Strike
Reached via error on a dropped throw, E3
Batting: RHB Jorge Calderón 0-0: Called Strike
0-1: Called Strike
0-2: Ball
1-2: Ball
2-2: Strikes out swinging
Top of the 8th over - 0 run(s), 0 hit(s), 1 error(s), 1 left on base; Texas Tech 2 - UCLA 3
BOTTOM OF THE 8TH
UCLA Bruins batting - Pitching for Texas Tech Red Raiders : RHP Joe Allen
Batting: RHB Roberto Rodríguez 0-0: SOLO HOME RUN (Line Drive, 7D), Distance : 347 ft
Batting: RHB Dean Bailey 0-0: Ball
1-0: Ground out 5-3 (Groundball, 56S)
Batting: LHB Brian Bauer 0-0: Ball
1-0: Ball
2-0: Ball
3-0: Base on Balls
Batting: RHB Bill Powell 0-0: Grounds into double play, 5-4-3 (Groundball, 5)
Bottom of the 8th over - 1 run(s), 1 hit(s), 0 error(s), 0 left on base; Texas Tech 2 - UCLA 4
TOP OF THE 9TH
Texas Tech Red Raiders batting - Pitching for UCLA Bruins : RHP Eugene Morgan
Pitching: RHP Salvador De Jesús
Now at 1B: Rodney Richardson
Batting: RHB Donovan James 0-0: Ball
1-0: Ball
2-0: Foul Ball, location: 2F
2-1: Ball
3-1: Base on Balls
Batting: RHB Bruce Jones 0-0: Ball
1-0: Ball
2-0: Called Strike
2-1: SINGLE (Line Drive, 34D)
Donovan James to second
Batting: LHB Micheal Morgan 0-0: SINGLE (Line Drive, 4M)
Donovan James to third
Bruce Jones to second
Batting: RHB Oliver Todd 0-0: Fielders Choice at 2nd, 6-4 (Groundball, 6)
Donovan James scores
Bruce Jones to third
Batting: LHB Albert Cardona 0-0: Called Strike
0-1: Ground out 5-3 (Groundball, 56)
Oliver Todd to second
Batting: RHB Steven Hill 0-0: Ground out 1-3 (Groundball, 15)
Top of the 9th over - 1 run(s), 2 hit(s), 0 error(s), 2 left on base; Texas Tech 3 - UCLA 4
This league is powered by Out of the Park Baseball, the baseball management simulation game for PC, Mac and Linux
Saturday, April 9th, 2016 - OOTP Baseball 16.8 Build 38